 Dungeon Crawl Stone Soup version 0.30-a0-313-gae38170b09 (webtiles) character file.

Game seed: 17583178029297203752

96295 Babtu the Warrior (level 16, -1/151 HPs)
             Began as a Hill Orc Fighter on Oct 26, 2022.
             Was a High Priest of Okawaru.
             Succumbed to Aizul's bolt of poison
             ... on level 2 of the Swamp.
             The game lasted 02:22:14 (36922 turns).

Babtu the Warrior (Hill Orc Fighter)               Turns: 36922, Time: 02:22:14

Health: -1/151     AC: 33    Str: 30    XL:     16   Next: 16%
Magic:  23/25      EV: 11    Int: 12    God:    Okawaru [*****.]
Gold:   2390       SH: 16    Dex: 18    Spells: 15/15 levels left

rFire   + . .      SeeInvis .    N - +5 hand axe "Pendulum" {vorpal, rF+}
rCold   . . .      Faith    .    P - +0 kite shield
rNeg    + . .      Spirit   .    w - +3 plate armour "Visebiz" {Dex+5}
rPois   .          Reflect  .    m - +0 helmet
rElec   .          Harm     .    (no cloak)
rCorr   .          Rampage  .    C - +2 pair of gloves
Will    +++++      Clarity  +    v - +2 pair of boots of Bususk {Will++ Stlth+}
Stlth   +.........               W - amulet of the Four Winds {rN+ Will+++ Clar}
HPRegen 0.45/turn                u - +6 ring of strength
MPRegen 0.19/turn                Z - ring of flight

@: lethally poisoned (-1 -> -17), heroic, flying, studying Hexes, unable to
drink
A: claws 1, iridescent scales 1, thin skeletal structure 1, clever 1, wild magic
1, inability to drink after injury 1
a: Renounce Religion, Heroism, Finesse, Duel


You were on level 2 of the Swamp.
You worshipped Okawaru.
Okawaru was extremely pleased with you.
You visited 5 branches of the dungeon, and saw 22 of its levels.
You also visited: Sewer, Bailey and Ice Cave.

You collected 3256 gold pieces.
You spent 866 gold pieces at shops.

Inventory:

Hand Weapons
 N - the +5 hand axe "Pendulum" (weapon) {vorpal, rF+}
   (You found it on level 9 of the Dungeon)

   It inflicts extra damage upon your enemies.
   rF:        It protects you from fire.
Missiles
 x - 2 silver javelins
 D - 10 javelins (quivered)
 J - 6 curare-tipped darts
 K - 21 poisoned darts
Armour
 m - a +0 helmet (worn)
 v - the +2 pair of boots of Bususk (worn) {Will++ Stlth+}
   (You found it on level 5 of the Dungeon)

   Will:      It greatly increases your willpower.
   Stlth:     It makes you more stealthy.
 w - the +3 plate armour "Visebiz" (worn) {Dex+5}
   (You found it on level 1 of the Lair of Beasts)

   Dex:       It affects your dexterity (+5).
 C - a +2 pair of gloves (worn)
 P - a +0 kite shield (worn)
Jewellery
 u - a +6 ring of strength (left hand)
 E - a +6 ring of intelligence
 Q - a ring of wizardry
 U - a ring of protection from cold
 V - a ring of resist corrosion
 W - the amulet of the Four Winds (around neck) {rN+ Will+++ Clar}
   (You found it on level 12 of the Dungeon)

   [amulet of nothing]

   rN:        It protects you from negative energy.
   Clar:      It protects you against confusion.
   Will:      It greatly increases your willpower.
 Z - a ring of flight (right hand)
Wands
 g - a wand of digging (10)
 s - a wand of mindburst (11)
 y - a wand of roots (13)
 H - a wand of flame (41)
 O - a wand of quicksilver (9)
 T - a wand of paralysis (12)
 X - a wand of polymorph (23)
Scrolls
 a - a scroll of poison
 c - a scroll of summoning
 f - 6 scrolls of teleportation
 i - 2 scrolls of blinking
 n - a scroll of silence
 o - 2 scrolls of amnesia {unknown}
 z - 5 scrolls of vulnerability
 A - 3 scrolls of identify
 B - 3 scrolls of immolation
 F - a scroll of fear
 L - a scroll of enchant armour
 M - 3 scrolls of fog
 R - a scroll of magic mapping
Potions
 b - a potion of magic {unknown}
 d - a potion of cancellation
 e - 3 potions of berserk rage
 h - 6 potions of lignification
 j - 2 potions of flight
 k - 3 potions of haste
 l - 9 potions of curing
 p - a potion of mutation
 q - 3 potions of attraction
 G - a potion of resistance
 I - 5 potions of might
 S - 2 potions of brilliance
Miscellaneous
 r - a tin of tremorstones (2/2)
 t - a condenser vane


   Skills:
 * Level 16.1(21.1) Fighting
 - Level 16.0(21.0) Axes
 - Level 5.0(10.0) Throwing
 + Level 14.4(19.4) Armour
 + Level 14.3(19.3) Shields
 - Level 12.7 Invocations
 - Level 7.2 Evocations


You had 15 spell levels left.
You didn't know any spells.
Your spell library contained the following spells:

 Spells                   Type           Power      Damage    Failure   Level
 Foxfire                  Conj/Fire      0%         2x1d4     94%         1
 Kiss of Death            Conj/Necr      0%         2d5       94%         1
 Sandblast                Erth           0%         2d4       94%         1
 Sting                    Tmut/Pois      0%         1d3       94%         1
 Cigotuvi's Dreadful Rot  Necr/Pois/Air  0%         N/A       98%         2
 Passwall                 Tmut/Erth      0%         N/A       98%         2
 Poisonous Vapours        Pois/Air       0%         N/A       98%         2
 Scorch                   Fire           0%         2d5       98%         2
 Static Discharge         Conj/Air       0%         2-2/arc   98%         2
 Confusing Touch          Hex            0%         N/A       100%        3
 Frozen Ramparts          Ice            0%         1d1       100%        3
 Gell's Gravitas          Tloc           0%         N/A       100%        3
 Ignite Poison            Fire/Tmut/Pois 0%         N/A       100%        3
 Inner Flame              Hex/Fire       0%         N/A       100%        3
 Kindle Blastsparks       Fire/Tloc/Air  0%         2d10      100%        3
 Lesser Beckoning         Tloc           0%         N/A       100%        3
 Mephitic Cloud           Conj/Pois/Air  0%         N/A       100%        3
 Ozocubu's Armour         Ice            0%         N/A       100%        3
 Stone Arrow              Conj/Erth      0%         3d7       100%        3
 Teleport Other           Tloc           0%         N/A       100%        3
 Vhi's Electric Charge    Tloc/Air       0%         N/A       100%        3
 Dispel Undead            Necr           0%         3d6       100%        4
 Flame Wave               Conj/Fire      0%         2d4       100%        4
 Ice Form                 Ice/Tmut       0%         N/A       100%        4
 Sticky Flame             Conj/Fire      0%         2d3       100%        4
 Arcjolt                  Conj/Air       0%         1d10      100%        5
 Fireball                 Conj/Fire      0%         3d3       100%        5
 Freezing Cloud           Conj/Ice/Air   0%         6-21      100%        5
 Lightning Bolt           Conj/Air       0%         1d11      100%        5
 Starburst                Conj/Fire      0%         6d3       100%        6
 Ozocubu's Refrigeration  Ice            0%         4d7       100%        7
 Summon Ice Beast         Ice/Summ       Unusable   N/A       N/A         4
 Summon Cactus Giant      Summ           Unusable   N/A       N/A         6

Dungeon Overview and Level Annotations

Branches:
Dungeon (13/15)            Temple (1/1) D:4            Lair (5/5) D:9
  Swamp (2/4) Lair:3       Spider (0/4) Lair:3        Slime (0/5) Lair:5
    Orc (1/2) D:10         Vaults (0/5) D:13          Sewer (visited)
 Bailey (visited)           IceCv (visited)

Altars:
Ashenzari
Cheibriados
Dithmenos
Elyvilon
Fedhas
Gozag
Hepliaklqana
Kikubaaqudgha
Makhleb
Nemelex Xobeh
Okawaru
Qazlal
Ru
Sif Muna
Trog
Uskayaw
Vehumet
Wu Jian
Xom
Yredelemnul
Zin
The Shining One
Jiyva

Shops:
D:1 !   D:2 !   D:4 *(=!   D:10 [*?

Portals:
Trove: D:11 (give eveningstar of Attainder)

Annotations:
Swamp:2 Aizul


Innate Abilities, Weirdness & Mutations

You have sharp fingernails.
You are partially covered in iridescent scales. (AC +2)
You have a somewhat thin skeletal structure. (Dex +2, Stealth+)
Your mind is acute. (Int +4, Str/Dex -1)
Your spells are a little harder to cast, but a little more powerful.
You occasionally lose the ability to drink potions when taking damage.


Message History

Aizul coils herself and waves her upper body at you.
The poison arrow hits you!!!
You are more poisoned.
You feel threatened and lose the ability to drink potions!
Okay, then.
As you read the scroll of teleportation, it crumbles to dust.
You feel strangely unstable.
You feel extremely sick. Aizul hits you but does no damage.
You slash Aizul!
Aizul is heavily wounded.
You feel very sick.
Aizul coils herself and waves her upper body at you.
The bolt of poison hits you!!
You are more poisoned.
* * * LOW HITPOINT WARNING * * *
You slash Aizul!
Aizul is severely wounded.
* * * LOW HITPOINT WARNING * * *
You feel extremely sick.
Aizul coils herself and waves her upper body at you.
You block the poison arrow. You block Aizul's attack.
Aizul attacks as you move away! You block Aizul's attack.
Your surroundings suddenly seem different.
* * * LOW HITPOINT WARNING * * *
You feel extremely sick.
A tyrant leech comes into view.
* * * LOW HITPOINT WARNING * * *
You feel extremely sick.
The tyrant leech moves out of view.
Okay, then.
Aiming: Polymorph
Press: ? - help, Shift-Dir - straight line, f - you That beam is likely to hit you.
Continue anyway?
Okay, then.
Unknown command.
* * * LOW HITPOINT WARNING * * *
You feel very sick.
You gain the combat prowess of a mighty hero.
You die...

.~§~~~~~~§♣♣
~~~~~~....♣♣
~~...~...~♣
..~~~....♣♣
.~~~..~~.♣
♣...~~~≈.♣
♣♣~...~♣≈♣.
♣..@..≈≈≈≈♣
♣♣♣♣♣♣≈≈≈≈≈
≈≈≈ ≈


There were no monsters in sight!

Vanquished Creatures
  A thorn hunter (Swamp:1)
  A ghoul (Swamp:1)
  3 eleionomae (Swamp:1)
  A spark wasp (Arena)
  2 bunyips
  Snorg (D:12)
  Josephine (Lair:3)
  4 hydras
  5 two-headed ogres
  2 alligators (Lair:3)
  A centaur warrior (D:13)
  3 boulder beetles
  8 death yaks
  An orc high priest (Bailey)
  Urug (Lair:5)
  Lodul (D:10)
  3 goliath frogs
  2 lindwurms (Lair:5)
  12 bog bodies
  An orc knight (D:12)
  2 deep elf pyromancers (D:12)
  A manticore (D:11)
  A wolf spider (Lair:5)
  2 cyclopes
  5 ugly things
  20 elephants
  8 black mambas
  2 ice statues (IceCv)
  7 torpor snails
  A guardian serpent (Lair:5)
  17 cane toads
  6 rime drakes
  3 kobold demonologists
  2 unseen horrors
  A freezing wraith (IceCv)
  13 komodo dragons
  5 trolls
  4 polar bears
  9 hornets
  6 tyrant leeches
  7 slime creatures
  18 blink frogs
  A jumping spider (shapeshifter) (D:13)
  A culicivora (shapeshifter) (D:13)
  A dire elephant simulacrum (IceCv)
  Sigmund (D:3)
  2 culicivoras (Lair:3)
  2 vampires
  3 shadows
  16 wyverns
  7 wraiths
  65 yaks
  A fire elemental (Lair:1)
  4 basilisks
  3 redbacks (Lair:5)
  A steam dragon (Lair:2)
  4 vampire mosquitoes
  A death yak simulacrum (IceCv)
  Edmund (D:4)
  5 swamp worms (Swamp:1)
  A two-headed ogre zombie (D:10)
  3 acid dragons
  An ice beast (D:7)
  24 water moccasins
  A black bear (shapeshifter) (D:13)
  10 orc warriors
  3 sky beasts
  2 black bears
  10 ogres
  14 wolves
  6 centaurs
  2 phantoms
  2 kobold brigands
  2 gnoll sergeants (D:7)
  13 bullfrogs
  5 necrophages
  3 scorpions
  9 wights
  A cane toad simulacrum (IceCv)
  2 troll zombies (D:10)
  6 electric eels
  4 howler monkeys
  3 hounds
  6 jellies
  6 orc priests
  3 iguanas
  8 orc wizards
  5 ogre zombies (D:10)
  12 gnolls
  9 adders
  2 shadow imps
  2 ufetubi (D:5)
  3 worms
  3 dart slugs
  32 orcs
  2 bats (D:3)
  10 endoplasms
  4 giant cockroaches
  19 goblins
  11 hobgoblins
  3 jackals (D:5)
  19 kobolds
  2 quokkas
  10 ball pythons
  5 frilled lizards
  A goblin skeleton (D:10)
  2 goblin zombies (D:10)
  2 hobgoblin skeletons (D:10)
  4 hobgoblin zombies (D:10)
  6 orc skeletons (D:10)
  10 orc zombies (D:10)
  6 rats
647 creatures vanquished.

Vanquished Creatures (others)
  A bloated husk (Swamp:1)
  A yak (Lair:3)
  An orc wizard (D:10)
  61 fungi
  131 plants
195 creatures vanquished.

Grand Total: 842 creatures vanquished

Notes
Turn   | Place    | Note
-------+----------+-------------------------------------------
     0 | D:1      | Babtu the Hill Orc Fighter began the quest for the Orb.
     0 | D:1      | Reached XP level 1. HP: 19/19 MP: 1/1
   168 | D:1      | Reached XP level 2. HP: 27/27 MP: 2/2
   614 | D:1      | Found Pecsusuc's Distillery.
   868 | D:1      | Bought a potion of lignification for 33 gold pieces
   868 | D:1      | Bought a potion of curing for 33 gold pieces
   975 | D:2      | Reached XP level 3. HP: 33/33 MP: 3/3
  1070 | D:2      | Found Unonimm's Distillery.
  1612 | D:2      | Found a faded altar of an unknown god.
  1815 | D:2      | Bought a potion of heal wounds for 70 gold pieces
  1815 | D:2      | Bought a potion of might for 56 gold pieces
  1844 | D:3      | Reached XP level 4. HP: 39/40 MP: 4/4
  1865 | D:3      | Identified the +5 dagger "Okiamili" {pain, Str+2}
  2451 | D:3      | Noticed Sigmund
  2470 | D:3      | Killed Sigmund
  2471 | D:3      | Reached skill level 5 in Axes
  2471 | D:3      | Reached skill level 1 in Evocations
  2471 | D:3      | Reached XP level 5. HP: 27/47 MP: 5/5
  2471 | D:3      | Reached XP level 6. HP: 30/53 MP: 6/6
  2783 | D:4      | Identified the ring "Eseumoill" {MP+9 Stlth+}
  2797 | D:4      | Found a white marble altar of Elyvilon.
  2846 | D:4      | Found Furots's Weapon Shoppe.
  2925 | D:4      | Found a staircase to the Ecumenical Temple.
  2944 | D:4      | Found Timypt's Assorted Antiques.
  3015 | D:4      | Found Ycvongajuxt's Jewellery Shoppe.
  3027 | D:4      | Found a sacrificial altar of Ru.
  3028 | D:4      | Found a broken altar of Ashenzari.
  3203 | D:4      | Found a glowing drain.
  3214 | Sewer    | Entered a sewer
  3617 | D:4      | Noticed Edmund
  3632 | D:3      | Reached skill level 5 in Fighting
  3632 | D:3      | Reached XP level 7. HP: 43/61 MP: 7/7
  3805 | D:4      | Killed Edmund
  3931 | D:4      | Found a burning altar of Makhleb.
  3941 | D:4      | Found Vorheav's Distillery.
  4008 | D:4      | Reached skill level 5 in Armour
  4350 | D:4      | Found a snail-covered altar of Cheibriados.
  4627 | D:4      | Bought a potion of heal wounds for 55 gold pieces
  4627 | D:4      | Bought a potion of curing for 33 gold pieces
  4679 | D:5      | Entered Level 5 of the Dungeon
  4727 | Temple   | Entered the Ecumenical Temple
  4769 | Temple   | Became a worshipper of Warmaster Okawaru
  5121 | D:5      | Reached skill level 5 in Shields
  5313 | D:5      | Reached XP level 8. HP: 69/69 MP: 8/8
  5723 | D:5      | Reached * piety under Okawaru
  5904 | D:5      | Identified the +2 pair of boots of Bususk {Will++ Stlth+}
  6183 | D:6      | Found a blossoming altar of Fedhas.
  6339 | D:6      | Found a glowing golden altar of the Shining One.
  6373 | D:6      | Found a shimmering blue altar of Sif Muna.
  6918 | D:7      | Noticed a wyvern
  7253 | D:6      | Killed a wyvern
  7254 | D:6      | Reached XP level 9. HP: 75/78 MP: 9/9
  7394 | D:7      | Found a basalt altar of Yredelemnul.
  7521 | D:7      | Reached ** piety under Okawaru
  7587 | D:7      | Found a flagged portal.
  7596 | Bailey   | Entered a bailey
  8180 | Bailey   | Found an iron altar of Okawaru.
  8180 | Bailey   | Noticed an orc high priest
  8180 | Bailey   | Noticed a kobold demonologist
  8191 | Bailey   | Noticed a sun demon
  8210 | Bailey   | Killed a kobold demonologist
  8211 | Bailey   | Reached skill level 10 in Axes
  8211 | Bailey   | Reached skill level 1 in Throwing
  8215 | Bailey   | Killed an orc high priest
  8215 | Bailey   | Reached *** piety under Okawaru
  8216 | Bailey   | Reached skill level 5 in Evocations
  8216 | Bailey   | Reached XP level 10. HP: 72/86 MP: 10/10
  8417 | Bailey   | Identified the +4 scale mail of Nehoini {rPois Will+ Int+2}
  8816 | D:7      | Received a gift from Okawaru
  8825 | D:7      | Acquired 231 gold pieces
  9391 | D:1      | Bought a potion of heal wounds for 55 gold pieces
  9391 | D:1      | Bought a potion of heal wounds for 55 gold pieces
  9472 | D:2      | Bought a potion of mutation for 112 gold pieces
  9472 | D:2      | Bought a potion of resistance for 140 gold pieces
  9675 | D:8      | Identified the +3 robe "Baetsen" {rCorr Slay+5}
  9707 | D:8      | Gained mutation: You are resistant to electric shocks.
                  | (rElec) [potion of mutation]
  9707 | D:8      | Gained mutation: Armour fits poorly on your strangely
                  | shaped body. [potion of mutation]
  9708 | D:8      | Lost mutation: You are resistant to electric shocks.
                  | (rElec) [potion of mutation]
  9708 | D:8      | Lost mutation: Armour fits poorly on your strangely shaped
                  | body. [potion of mutation]
  9708 | D:8      | Gained mutation: Your skin changes colour to match your
                  | surroundings (Stealth+). [potion of mutation]
  9708 | D:8      | Gained mutation: Your spells are a little harder to cast,
                  | but a little more powerful. [potion of mutation]
  9709 | D:8      | Lost mutation: Your spells are a little harder to cast, but
                  | a little more powerful. [potion of mutation]
  9709 | D:8      | Lost mutation: Your skin changes colour to match your
                  | surroundings (Stealth+). [potion of mutation]
  9709 | D:8      | Gained mutation: You passively dampen the noise of your
                  | surroundings. [potion of mutation]
  9709 | D:8      | Gained mutation: Your flesh is heat resistant. (rF+)
                  | [potion of mutation]
  9710 | D:8      | Lost mutation: You passively dampen the noise of your
                  | surroundings. [potion of mutation]
  9710 | D:8      | Lost mutation: Your flesh is heat resistant. (rF+) [potion
                  | of mutation]
  9710 | D:8      | Gained mutation: You have large cloven feet. [potion of
                  | mutation]
  9710 | D:8      | Gained mutation: Armour fits poorly on your strangely
                  | shaped body. [potion of mutation]
  9710 | D:8      | Gained mutation: You occasionally lose the ability to drink
                  | potions when taking damage. [potion of mutation]
  9710 | D:8      | Gained mutation: You have sharp fingernails. [potion of
                  | mutation]
  9711 | D:8      | Lost mutation: You have large cloven feet. [potion of
                  | mutation]
  9711 | D:8      | Lost mutation: Armour fits poorly on your strangely shaped
                  | body. [potion of mutation]
  9711 | D:8      | Gained mutation: You have a somewhat thin skeletal
                  | structure. (Dex +2, Stealth+) [potion of mutation]
  9711 | D:8      | Gained mutation: Your mind is acute. (Int +4, Str/Dex -1)
                  | [potion of mutation]
  9711 | D:8      | Gained mutation: Your spells are a little harder to cast,
                  | but a little more powerful. [potion of mutation]
  9711 | D:8      | Gained mutation: You are partially covered in iridescent
                  | scales. (AC +2) [potion of mutation]
  9750 | D:8      | Found a sparkling altar of Nemelex Xobeh.
  9988 | D:8      | Found a viscous altar of Jiyva.
 10258 | D:8      | Found a bloodstained altar of Trog.
 10428 | D:8      | Reached **** piety under Okawaru
 10716 | D:9      | Identified the +5 hand axe "Pendulum" {vorpal, rF+}
 10766 | D:9      | Reached ***** piety under Okawaru
 10776 | D:9      | Reached XP level 11. HP: 95/95 MP: 11/11
 10897 | D:9      | Found a staircase to the Lair.
 11026 | D:9      | Found a hide-covered altar of Uskayaw.
 11154 | D:10     | Entered Level 10 of the Dungeon
 11154 | D:10     | Found Teluatop's Magic Scroll Shoppe.
 11157 | D:10     | Bought a scroll of identify for 28 gold pieces
 11157 | D:10     | Bought a scroll of fear for 56 gold pieces
 11157 | D:10     | Bought a scroll of identify for 28 gold pieces
 11161 | D:10     | Found Foosi's General Store.
 11180 | D:10     | Found a staircase to the Orcish Mines.
 11219 | D:10     | Identified the +0 buckler "Kinkar" {rF- Will+ Slay+3
                  | Stlth+} (Okawaru gifted it to you on level 10 of the
                  | Dungeon)
 11219 | D:10     | Received a gift from Okawaru
 11297 | D:10     | Noticed Lodul
 11323 | D:11     | Noticed a cyclops
 11324 | D:11     | Noticed a red ugly thing
 11325 | D:11     | Noticed a manticore
 11348 | D:10     | Killed a red ugly thing
 11795 | D:10     | Found Elics's Antique Armour Emporium.
 11880 | D:10     | Killed Lodul
 11957 | D:10     | Killed a cyclops
 12448 | D:10     | Bought a scroll of magic mapping for 112 gold pieces
 12482 | Orc:1    | Entered Level 1 of the Orcish Mines
 12482 | Orc:1    | Noticed an orc knight
 12482 | Orc:1    | Noticed an orc sorcerer
 12483 | Orc:1    | Noticed an orc sorcerer
 12587 | D:11     | Noticed a two-headed ogre
 12602 | D:10     | Killed a two-headed ogre
 12665 | D:11     | Killed a manticore
 12724 | D:11     | Reached XP level 12. HP: 102/105 MP: 12/12
 12813 | D:11     | Found a portal to a secret trove of treasure.
 13202 | D:11     | Noticed a sun demon
 13208 | D:11     | Reached skill level 5 in Throwing
 13216 | D:11     | Noticed a soul eater
 13589 | D:12     | Noticed Snorg
 13631 | D:12     | Killed Snorg
 13632 | D:12     | Reached skill level 1 in Invocations
 13750 | D:12     | Got the Papyrus of the Assassin
 13911 | D:12     | Noticed a boulder beetle
 13934 | D:12     | Killed a boulder beetle
 13935 | D:12     | Reached skill level 10 in Fighting
 14008 | D:12     | Noticed a two-headed ogre
 14008 | D:12     | Noticed a two-headed ogre
 14016 | D:12     | Killed a two-headed ogre
 14016 | D:12     | Identified the +2 scale mail of the Swan {Will+} (Okawaru
                  | gifted it to you on level 12 of the Dungeon)
 14016 | D:12     | Received a gift from Okawaru
 14033 | D:12     | Killed a two-headed ogre
 14101 | D:12     | Identified the +1 trident "Sozotowk" {vamp, rN+ rCorr SInv}
 14259 | D:12     | Found the amulet of the Four Winds {rN+ Will+++ Clar}
 14275 | D:12     | Reached skill level 15 in Axes
 14323 | D:12     | Noticed a two-headed ogre
 14330 | D:12     | Killed a two-headed ogre
 15311 | D:12     | Reached skill level 10 in Armour
 15636 | D:13     | Noticed a two-headed ogre
 15647 | D:13     | Killed a two-headed ogre
 15746 | D:13     | Reached XP level 13. HP: 81/115 MP: 16/16
 15758 | D:13     | Reached skill level 10 in Shields
 16070 | D:13     | Found a gate to the Vaults.
 16079 | D:13     | Reached skill level 5 in Invocations
 17347 | Lair:1   | Entered Level 1 of the Lair of Beasts
 17390 | Lair:1   | Reached ****** piety under Okawaru
 17455 | Lair:1   | Identified the +1 ring mail of the Good {rC+ Dex+2}
                  | (Okawaru gifted it to you on level 1 of the Lair of Beasts)
 17455 | Lair:1   | Received a gift from Okawaru
 17892 | Lair:1   | Identified the +3 plate armour "Visebiz" {Dex+5}
 19225 | Lair:2   | Found a frozen archway.
 19238 | IceCv    | Entered an ice cave
 19260 | IceCv    | Found a transporter.
 19270 | IceCv    | Found a transporter.
 19701 | Arena    | Entered the Arena
 20148 | Arena    | Entered the Arena
 20618 | Lair:2   | Reached XP level 14. HP: 99/127 MP: 20/20
 21744 | Lair:3   | Found a hole to the Spider Nest.
 21853 | Lair:3   | Received a gift from Okawaru
 22231 | Lair:3   | Found a staircase to the Swamp.
 23309 | Lair:3   | Noticed Josephine
 23420 | Lair:2   | Reached skill level 10 in Invocations
 25398 | Lair:3   | Killed Josephine
 26305 | Lair:4   | Received a gift from Okawaru
 27503 | Lair:5   | Entered Level 5 of the Lair of Beasts
 27554 | Lair:3   | Reached XP level 15. HP: 98/137 MP: 23/23
 28058 | Lair:5   | Received a gift from Okawaru
 28329 | Lair:5   | Found a viscous altar of Jiyva.
 28347 | Lair:5   | Found a staircase to the Slime Pits.
 29805 | Lair:5   | Noticed Urug
 29829 | Lair:5   | Killed Urug
 30110 | Lair:5   | Received a gift from Okawaru
 30162 | Lair:5   | Found a runed translucent door.
 30754 | Lair:5   | Received a gift from Okawaru
 31501 | Arena    | Entered the Arena
 31502 | Arena    | HP: 3/208 [spark wasp/living lightning (13)]
 32685 | Swamp:1  | Entered Level 1 of the Swamp
 33029 | Swamp:1  | Noticed a thorn hunter
 33048 | Lair:3   | Reached skill level 15 in Fighting
 33559 | Swamp:1  | Killed a thorn hunter
 34182 | Swamp:1  | Identified the +4 broad axe "Plojy" {freeze, rF+ rCorr
                  | Str-4 Dex+6} (Okawaru gifted it to you on level 1 of the
                  | Swamp)
 34182 | Swamp:1  | Received a gift from Okawaru
 35030 | Swamp:1  | HP: 7/141 [bog body (25)]
 35681 | Swamp:1  | Reached XP level 16. HP: 112/150 MP: 25/25
 36488 | Swamp:2  | Identified the +2 scale mail of Okawaru's Displeasure
                  | {rCorr Int+3} (Okawaru gifted it to you on level 2 of the
                  | Swamp)
 36488 | Swamp:2  | Received a gift from Okawaru
 36901 | Swamp:2  | Noticed Aizul
 36920 | Swamp:2  | HP: 7/151 [poisoned by Aizul (bolt of poison)]
 36921 | Swamp:2  | HP: 2/151 [poisoned by Aizul (bolt of poison)]
 36922 | Swamp:2  | Succumbed to Aizul's bolt of poison

Illustrated notes

Levels and vault maps discovered:
D:1:      dpeg_arrival_simpleton_c, layout_loops_corners, serial_shops, shop
D:2:      layout_loops_ring, serial_shops, shop_coins,
          shapermc_ecumenical_altar_mp_vishouse, feat_on_display
D:3:      layout_basic, uniq_sigmund
D:4:      minmay_skewed_foursquare, layout_layer_cave,
          grunt_temple_overflow_open, elyvilon_altar_5, lemuel_crystal_altar,
          temple_fountains, serial_shops, shop, nicolae_shop_advertising_works
          [nicolae_subvault_shop_adworks], shop, shop,
          cheibrodos_sewer_entry_drain, uniq_edmund
D:5:      layout_loops_cross
D:6:      layout_basic, nicolae_overflow_crystal_walls, fedhas_altar_2,
          mainiacjoe_overflow_24_doors
D:7:      layout_cave_pools, mainiacjoe_overflow_surrounded_room,
          enter_bailey_2, kennysheep_diamond, st_stairs_10
D:8:      layout_basic, nemelex_xobeh_ov_fountains_minmay, bloody_trog,
          minmay_strange_pillars, jiyva_altar_1
D:9:      layout_rooms, lemuel_round_altar, grunt_lair_entry_orc_guard_hut
D:10:     layout_gridville, zombieorc2_lemuel, serial_shops, shop,
          shop_fountains, nicolae_stop_n_shop_1, kennysheep_generic_room_13,
          uniq_lodul
D:11:     layout_rooms, nicolae_trove_entry_isolated
D:12:     four-leaf_vault, layout_gridville, serial_co_window_serial,
          co_window_paths_b, co_window_of_opportunity_a, co_window_corner_a,
          co_window_corner_a, co_window_of_opportunity_a,
          co_window_unsneaky_path_b, co_window_of_opportunity_c,
          co_window_2corner, co_window_broadway_b, glass_columns_a,
          glass_columns_a, glass_columns_a, glass_columns_a, glass_columns_a,
          uniq_snorg
D:13:     layout_basic, david_vaults_2
Temple:   nicolae_temple_ecumenical_triangle
Lair:1:   layout_gridlike, serial_bayou_shore_b, serial_bayou_shore_a
Lair:2:   layout_cave_pods, portal_ice_cave_rime,
          nicolae_volcano_entry_two_sided, grunt_megastairs_2
Lair:3:   nzn_winding_woodlands_three_and_one [nzn_winding_woodlands_5x15_twine,
          nzn_winding_woodlands_5x15_garden,
          nzn_winding_woodlands_5x15_sidewinder,
          nzn_winding_woodlands_center_diamonds], layout_layer_cave, swamp_mist,
          hellmonk_spider_entry_life_and_decay, nzn_random_ring, uniq_josephine
Lair:4:   layout_regular_city, chequers_serial_rivers_small_3
Lair:5:   wormcave, layout_layer_cave, hangedman_lair_tendril_chambers,
          slime_entry_1, infiniplex_staircase_pool_2, uniq_urug
Swamp:1:  layout_basic_swamp, evilmike_swamp_ruin_house_1,
          hangedman_swamp_ravenous
Swamp:2:  layout_basic_swamp, nicolae_swamp_dense_foliage, swamp_pool1,
          nicolae_swamp_godswood, uniq_aizul, uniq_donald
Orc:1:    layout_diamond_mine, basic_altar, rock_pile

Skill      XL: |  1  2  3  4  5  6  7  8  9 10 11 12 13 14 15 16 |
---------------+-------------------------------------------------+-----
Axes           | 3 4 5 6 7 9 10 12 13 15 16 | 16.0
Fighting       | 4 5 6 7 8 9 10 12 13 15 16 | 16.1
Armour         | 4 5 6 7 8 9 10 11 12 14 | 14.4
Shields        | 4 5 6 7 8 9 11 12 14 | 14.3
Evocations     | 1 2 4 5 6 7 |  7.2
Throwing       | 1 3 4 5 |  5.0
Invocations    | 4 8 11 12 | 12.7

Action                   |  1- 3 |  4- 6 |  7- 9 | 10-12 | 13-15 | 16-18 || total
-------------------------+-------+-------+-------+-------+-------+-------++-------
Melee: War axe           |   100 |   132 |   288 |   270 |       |       ||   790
       Hand axe          |       |       |       |   605 |  1887 |   138 ||  2630
       Dagger            |       |       |       |       |    12 |       ||    12
Throw: Javelin           |       |       |       |     3 |    42 |     7 ||    52
       Boomerang         |       |       |       |       |    12 |       ||    12
Invok: Heroism           |       |       |     3 |     6 |     9 |     1 ||    19
       Finesse           |       |       |       |       |     6 |       ||     6
       Duel              |       |       |       |       |     3 |       ||     3
Evoke: Wand              |       |       |       |       |    10 |       ||    10
       Tin of tremorston |       |       |       |       |     1 |       ||     1
       Condenser vane    |       |       |       |       |     1 |       ||     1
  Use: Potion            |       |     1 |     5 |     9 |    20 |       ||    35
       Scroll            |       |     7 |     4 |     9 |    17 |     1 ||    38
 Stab: Sleeping          |       |       |     1 |       |       |       ||     1
Armor: Scale mail        |    36 |    18 |       |       |       |       ||    54
       Fire dragon scale |       |    57 |    94 |       |       |       ||   151
       Plate armour      |       |       |    76 |   526 |  1142 |    43 ||  1787
       Skin              |       |       |       |       |     1 |       ||     1
Dodge: Dodged            |    51 |    70 |    91 |   170 |   384 |    14 ||   780
Block: Buckler           |    27 |    34 |    58 |   128 |       |       ||   247
       Kite shield       |       |       |       |   117 |  1063 |    48 ||  1228

Table legend: (Time is in decaauts)
 A = Elapsed time spent in this place.
 B = Non-inter-level travel time spent in this place.
 C = Inter-level travel time spent in this place.
 D = Time resting spent in this place.
 E = Time spent auto-exploring this place.
 F = Levels seen in this place.
 G = Mean time per level.
                   A        B        C        D        E       F      G
               +--------+--------+--------+--------+--------+-----+--------+
         Total |  36400 |  34082 |   2318 |   9887 |  17640 |  28 | 1300.0 |
       Dungeon |  15803 |  14245 |   1558 |   1992 |   9104 |  13 | 1215.6 |
        Temple |     52 |     47 |      5 |      0 |     30 |   1 |   52.0 |
          Lair |  16113 |  15395 |    718 |   6601 |   6620 |   5 | 3222.6 |
         Swamp |   2445 |   2408 |     37 |    598 |   1262 |   2 | 1222.5 |
  Orcish Mines |     11 |     11 |      0 |      0 |      0 |   1 |   11.0 |
         Sewer |    356 |    356 |      0 |      0 |    241 |   1 |  356.0 |
        Bailey |   1136 |   1136 |      0 |    382 |    381 |   1 | 1136.0 |
      Ice Cave |    421 |    421 |      0 |    276 |      0 |   1 |  421.0 |
         Arena |     59 |     59 |      0 |     38 |      0 |   3 |   19.7 |
               +--------+--------+--------+--------+--------+-----+--------+

Top non-repeatable levels by time:
  Lair:3: 5398 daAuts
  Lair:5: 4429 daAuts
  Lair:2: 2766 daAuts
    D:12: 2763 daAuts
     D:4: 1922 daAuts
 Swamp:1: 1907 daAuts
  Lair:1: 1798 daAuts
  Lair:4: 1721 daAuts
    D:10: 1398 daAuts
     D:6: 1258 daAuts
    D:13: 1235 daAuts
     D:5: 1184 daAuts
  Bailey: 1136 daAuts
     D:3: 1132 daAuts
     D:1: 1076 daAuts
